[Event "ICC tourney 2569 (40 10)"]
[Site "Internet Chess Club"]
[Date "2021.05.16"]
[Round "3"]
[White "KUMAR, SRIRAM K:sirking2800"]
[Black "GAMBOA ALVARADO, OLGA LETICIA:Letigam"]
[Result "1-0"]
[ICCResult "Black resigns"]
[WhiteElo "1893"]
[BlackElo "2100"]
[Opening "Pirc: classical (two knights) system"]
[ECO "B08"]
[NIC "PU.07"]
[Time "15:31:01"]
[TimeControl "2400+10"]

1. e4 d6 2. d4 Nf6 3. Nc3 g6 4. Nf3 c6 5. a4 Bg7 6. Be2 Nbd7 7. O-O Qc7 8.
h3 O-O 9. Be3 b6 10. Re1 Bb7 11. Qd2 e5 12. Rad1 Rad8 13. Bg5 Rfe8 14. d5
Nc5 15. Bc4 a5 16. Nh2 Rd7 17. dxc6 Bxc6 18. Nd5 Nfxe4 19. Nxc7 Nxd2 20.
Nxe8 Nxc4 21. Nxg7 Kxg7 22. b3 Nb2 23. Rb1 Nbxa4 24. bxa4 Nxa4 25. Be3 Rb7
26. f4 f6 27. fxe5 fxe5 28. Ng4 b5 29. Bh6+ Kf7 30. Rf1+ Ke7 31. Bf8+ Kd7
32. Rf7+ Kc8 33. Rxb7 Kxb7 34. Bxd6 e4 35. Ne5 Nc3 36. Ra1 a4 37. Nxc6 Kxc6
38. Be5 Nd5 39. Re1 e3 40. Bd4 b4 41. Bxe3 Nxe3 42. Rxe3 Kc5 43. Kf2 Kc4 44.
Ke2 a3 45. Kd2 a2 46. Re1 b3 47. cxb3+ Kxb3 48. Ke3 Kb2 49. Kf4 a1=Q 50.
Rxa1 Kxa1 51. Kg5 Kb2 52. Kh6 Kc3 53. Kxh7 g5 54. Kh6 {Black resigns} 1-0

[Event "ICC tourney 2569 (40 10)"]
[Site "Internet Chess Club"]
[Date "2021.05.16"]
[Round "3"]
[White "REMPE, MIEKE:MChessy"]
[Black "NI, BRANDON:chessbn"]
[Result "1-0"]
[ICCResult "Black resigns"]
[WhiteElo "1900"]
[BlackElo "1930"]
[Opening "Caro-Kann: Steinitz variation"]
[ECO "B17"]
[NIC "CK.02"]
[Time "15:30:54"]
[TimeControl "2400+10"]

1. e4 c6 2. d4 d5 3. Nd2 dxe4 4. Nxe4 Nd7 5. Ng5 e6 6. Bd3 Ngf6 7. Qe2 Bd6
8. N1f3 h6 9. Ne4 Nxe4 10. Qxe4 Nf6 11. Qh4 Nd5 12. Qg4 Qf6 13. Bd2 c5 14.
Bb5+ Kf8 15. O-O cxd4 16. Nxd4 e5 17. Qe4 Nc7 18. Rfe1 g6 19. Bc3 Rg8 20.
Ba4 exd4 21. Bxd4 Qe7 22. Qf3 Ne6 23. Qh3 h5 24. Be3 Ng5 25. Qh4 Nf3+ 26.
gxf3 Qxh4 27. Bh6+ {Black resigns} 1-0

[Event "ICC tourney 2569 (40 10)"]
[Site "Internet Chess Club"]
[Date "2021.05.16"]
[Round "3"]
[White "CHAVES SANCHEZ, GABRIEL A:Gagri"]
[Black "REMPE, JONAS JAKOB RAZA:Drachekokosnuss"]
[Result "1-0"]
[ICCResult "Black resigns"]
[WhiteElo "2306"]
[BlackElo "2100"]
[Opening "Ruy Lopez: closed, 7...O-O"]
[ECO "C88"]
[NIC "RL.17"]
[Time "15:31:00"]
[TimeControl "2400+10"]

1. e4 e5 2. Nf3 Nc6 3. Bb5 a6 4. Ba4 Nf6 5. O-O Be7 6. Re1 b5 7. Bb3 O-O 8.
h3 Bb7 9. d3 d5 10. exd5 Nxd5 11. Nxe5 Nxe5 12. Rxe5 Qd6 13. Re1 Rae8 14.
Nd2 Qg6 15. Qg4 Qxg4 16. hxg4 Bb4 17. Rxe8 Rxe8 18. Kf1 Nf4 19. Ne4 Ne6 20.
Be3 Bxe4 21. dxe4 Nc5 22. f3 Nxb3 23. axb3 Re6 24. Bf4 Rc6 25. c3 Be7 26. b4
Kf8 27. Ke2 Ke8 28. Rh1 h6 29. Rh5 Bf6 30. Be3 {Black resigns} 1-0

[Event "ICC tourney 2569 (40 10)"]
[Site "Internet Chess Club"]
[Date "2021.05.16"]
[Round "3"]
[White "MARKOVIC, GORAN:Goran21"]
[Black "SHEEHAN, ETHAN THOMAS:Chessking2008"]
[Result "0-1"]
[ICCResult "White resigns"]
[WhiteElo "1995"]
[BlackElo "2192"]
[Opening "Sicilian: Hungarian variation"]
[ECO "B27"]
[NIC "SI.43"]
[Time "15:30:55"]
[TimeControl "2400+10"]

1. e4 c5 2. Nf3 g6 3. Bc4 Bg7 4. c3 e6 5. d4 cxd4 6. Nxd4 a6 7. O-O Ne7 8.
Be3 O-O 9. Nd2 Nbc6 10. Nxc6 bxc6 11. Bb3 d5 12. Bc5 Re8 13. Re1 Qc7 14. Qe2
Bb7 15. Rad1 a5 16. exd5 cxd5 17. Ba3 Ba6 18. Qe3 Nf5 19. Qh3 Rad8 20. Nf3
h6 21. Ba4 Nd6 22. Bxe8 Rxe8 23. Qg3 Rd8 24. Nd4 Qd7 25. Bxd6 Qxd6 26. b3
Qxg3 27. hxg3 Rc8 28. Re3 e5 29. Nf3 d4 30. cxd4 exd4 31. Re7 Rd8 32. Ra7
Be2 33. Rd2 d3 34. Re7 Rc8 35. Rexe2 dxe2 36. Rxe2 Bf6 37. g4 Kf8 38. g3 Rc5
39. Re4 Rc2 40. Ra4 Bc3 41. Kg2 Rb2 42. g5 h5 43. Rc4 Bb4 44. Ne5 Rxa2 45.
Nd3 Be7 46. Rc8+ Kg7 47. Rc7 Bd8 48. Rd7 Bb6 49. Rb7 Bd4 50. Kf3 Rd2 51. Ke4
Bxf2 52. Ne5 Bxg3 53. Nxf7 Kf8 54. Nh6 Ke8 55. Rh7 Bh4 56. Rh8+ Kd7 57. Nf7
Re2+ 58. Kd5 Bg3 59. Ra8 Re7 60. Nh8 Re5+ 61. Kc4 Rxg5 62. Ra6 h4 63. Nxg6
h3 64. Nf8+ Ke7 65. Rh6 h2 66. Nh7 Rg4+ 67. Kd5 Rh4 {White resigns} 0-1

[Event "ICC tourney 2569 (40 10)"]
[Site "Internet Chess Club"]
[Date "2021.05.16"]
[Round "3"]
[White "WANG, ALEXANDER J:ickyquarter"]
[Black "UDOVENKO, DANIEL ALEXANDER:DanielA1926"]
[Result "1/2-1/2"]
[ICCResult "Game drawn by mutual agreement"]
[WhiteElo "2050"]
[BlackElo "1778"]
[Opening "Sicilian: Najdorf, Zagreb (fianchetto) variation"]
[ECO "B91"]
[NIC "SI.14"]
[Time "15:31:00"]
[TimeControl "2400+10"]

1. e4 c5 2. Nf3 d6 3. d4 cxd4 4. Nxd4 Nf6 5. Nc3 a6 6. g3 e6 7. Bg2 Be7 8.
O-O O-O 9. h3 h5 10. Be3 Nbd7 11. Re1 Ne5 12. b3 Qc7 13. Nce2 b5 14. Qd2 Bb7
15. f4 Rfd8 16. Rad1 Nxe4 17. Qc1 Ng6 18. f5 exf5 19. Nxf5 Bf6 20. Ned4 Nc3
21. Rd3 Nxa2 {Game drawn by mutual agreement} 1/2-1/2

[Event "ICC tourney 2569 (40 10)"]
[Site "Internet Chess Club"]
[Date "2021.05.16"]
[Round "3"]
[White "KATSMAN, DAVID:davika21"]
[Black "LEE, ALICE TERESA:binomialfactor"]
[Result "0-1"]
[ICCResult "White resigns"]
[WhiteElo "1888"]
[BlackElo "2173"]
[Opening "Caro-Kann: Tartakower (Nimzovich) variation"]
[ECO "B15"]
[NIC "CK.06"]
[Time "15:31:00"]
[TimeControl "2400+10"]

1. e4 c6 2. d4 d5 3. Nc3 dxe4 4. Nxe4 Nf6 5. Nxf6+ exf6 6. Nf3 Bd6 7. Bd3
O-O 8. O-O Bg4 9. Re1 Nd7 10. b3 Qa5 11. h3 Bxf3 12. gxf3 Rfe8 13. Bd2 Bb4
14. Bxb4 Qxb4 15. c4 Qd6 16. Qd2 Rad8 17. Rxe8+ Rxe8 18. Re1 Rxe1+ 19. Qxe1
Qxd4 20. Qe8+ Nf8 21. Bxh7+ Kxh7 22. Qxf8 Kg6 23. Qe7 b5 24. cxb5 cxb5 25.
Qe2 Qe5 26. Qc2+ Qf5 27. Qe2 a6 28. Kg2 Qg5+ 29. Kh2 Qe5+ 30. Qxe5 fxe5 31.
Kg3 Kf5 32. b4 Kg5 33. h4+ Kf5 34. a3 g6 35. Kh3 Kf4 36. Kg2 f6 37. Kh3 Kxf3
38. h5 gxh5 39. Kh4 Kxf2 40. Kxh5 e4 {White resigns} 0-1

[Event "ICC tourney 2569 (40 10)"]
[Site "Internet Chess Club"]
[Date "2021.05.16"]
[Round "3"]
[White "Higgins, Sean M:higg1921"]
[Black "TRANDAFIR, STEFAN:trandaferrari"]
[Result "0-1"]
[ICCResult "White resigns"]
[WhiteElo "1417"]
[BlackElo "1958"]
[Opening "Sicilian: Smith-Morra gambit"]
[ECO "B21"]
[NIC "SI.47"]
[Time "15:31:02"]
[TimeControl "2400+10"]

1. e4 c5 2. d4 cxd4 3. c3 Nf6 4. e5 Nd5 5. cxd4 d6 6. Nf3 Nc6 7. Bc4 e6 8.
O-O Be7 9. Bxd5 exd5 10. Qb3 dxe5 11. dxe5 O-O 12. Rd1 d4 13. Be3 Be6 14.
Qxb7 Bd5 15. Qb5 Rb8 16. Qd3 Bxf3 {White resigns} 0-1

[Event "ICC tourney 2569 (40 10)"]
[Site "Internet Chess Club"]
[Date "2021.05.16"]
[Round "3"]
[White "BELOUS, VLADIMIR:Openyagami"]
[Black "HEBDEN, MARK L:mhebden"]
[Result "1-0"]
[ICCResult "Black resigns"]
[WhiteElo "2602"]
[BlackElo "2503"]
[Opening "King's Indian: 5.Nf3"]
[ECO "E90"]
[NIC "KI.20"]
[Time "15:30:55"]
[TimeControl "2400+10"]

1. d4 Nf6 2. c4 g6 3. Nc3 Bg7 4. e4 d6 5. Nf3 O-O 6. h3 e5 7. d5 a5 8. Bg5
Na6 9. Be2 Bd7 10. Nd2 c6 11. O-O Nc5 12. Nb3 Na6 13. Be3 a4 14. Nd2 a3 15.
bxa3 Qa5 16. Qc1 cxd5 17. Nxd5 Nxd5 18. cxd5 b5 19. Qb2 f5 20. f3 Rfc8 21.
Rfc1 Nc5 22. Nb3 Nxb3 23. axb3 Rxc1+ 24. Rxc1 Qxa3 25. Qxa3 Rxa3 26. Rc7 Be8
27. exf5 Rxb3 28. Bg5 gxf5 29. Rc8 Rb2 30. Rxe8+ Kf7 31. Re7+ Kg6 32. Kf1
Kxg5 33. Rxg7+ Kf4 34. Kf2 e4 35. fxe4 fxe4 36. g3+ Ke5 37. Rxh7 b4 38. h4
Kxd5 39. h5 Rb1 40. Rb7 Kc6 41. Rb8 d5 42. Ke3 b3 43. Kd4 b2 44. h6 Rh1 45.
Rxb2 Rxh6 46. Rc2+ {Black resigns} 1-0

[Event "ICC tourney 2569 (40 10)"]
[Site "Internet Chess Club"]
[Date "2021.05.16"]
[Round "3"]
[White "IVANOV, ALEXANDER:marble"]
[Black "Volkov, Sergey:Volkov"]
[Result "0-1"]
[ICCResult "White forfeits on time"]
[WhiteElo "2494"]
[BlackElo "2607"]
[Opening "French: Tarrasch, closed variation"]
[ECO "C05"]
[NIC "FR.16"]
[Time "15:30:52"]
[TimeControl "2400+10"]

1. e4 e6 2. d4 d5 3. Nd2 Nf6 4. e5 Nfd7 5. f4 c5 6. c3 Nc6 7. Ndf3 Qb6 8.
Ne2 a5 9. f5 cxd4 10. fxe6 fxe6 11. Nexd4 Nxd4 12. cxd4 Bb4+ 13. Kf2 O-O 14.
Kg3 Nb8 15. Bd3 Nc6 16. Be3 Be7 17. h4 Bd7 18. Qd2 Be8 19. h5 a4 20. Rac1 a3
21. b3 Bb4 22. Qd1 Ne7 23. h6 g6 24. Bg5 Bb5 25. Bxe7 Bxe7 26. Bxb5 Qxb5 27.
Rc7 Rf7 28. Qc2 Raf8 29. Rc1 Qb6 30. Qd3 Bh4+ {White forfeits on time} 0-1

[Event "ICC tourney 2569 (40 10)"]
[Site "Internet Chess Club"]
[Date "2021.05.16"]
[Round "3"]
[White "TIONG, RACHAEL:rachael1120"]
[Black "MAZUMDAR, SHAURYA:raremystery"]
[Result "0-1"]
[ICCResult "White checkmated"]
[WhiteElo "1636"]
[BlackElo "1695"]
[Opening "Giuoco Piano"]
[ECO "C54"]
[NIC "IG.02"]
[Time "15:30:55"]
[TimeControl "2400+10"]

1. e4 e5 2. Nf3 Nc6 3. Bc4 Bc5 4. c3 Nf6 5. d4 exd4 6. cxd4 Bb4+ 7. Bd2
Bxd2+ 8. Nbxd2 d5 9. exd5 Nxd5 10. O-O O-O 11. Rc1 Bg4 12. Qc2 Nb6 13. Qe4
Nxc4 14. Rxc4 Be6 15. Rcc1 Bd5 16. Qe3 Re8 17. Qc3 Qf6 18. a3 Rad8 19. Rfd1
Rd7 20. h3 Red8 21. Qe3 h6 22. Qc3 Bxf3 23. Nxf3 Nxd4 24. Nxd4 Rxd4 25. Rxd4
Rxd4 26. Qxc7 Rd2 27. Qg3 Rxb2 28. Rc8+ Kh7 29. Qd3+ g6 30. Qe3 Rb1+ 31. Kh2
Qd6+ 32. g3 Qd1 33. Rh8+ Kxh8 34. Qe8+ Kg7 35. Qe5+ Kh7 36. Kg2 Qh1#
{White checkmated}
0-1

[Event "ICC tourney 2569 (40 10)"]
[Site "Internet Chess Club"]
[Date "2021.05.16"]
[Round "3"]
[White "DIAZ CHARPENTIER, KRISTEL MELISSA:kris0428"]
[Black "REISS, AIDEN:Aidenrchess"]
[Result "1-0"]
[ICCResult "Black checkmated"]
[WhiteElo "2100"]
[BlackElo "1905"]
[Opening "Réti opening"]
[ECO "A05"]
[NIC "QP.11"]
[Time "15:31:03"]
[TimeControl "2400+10"]

1. Nf3 Nf6 2. b3 d5 3. Bb2 c5 4. e3 Nc6 5. Bb5 Bf5 6. O-O e6 7. Ne5 Qc7 8.
d3 Bd6 9. f4 O-O 10. Bxc6 bxc6 11. Nd2 Nd7 12. Ndf3 f6 13. Nxd7 Qxd7 14. Qe2
Bg4 15. h3 Bxf3 16. Rxf3 e5 17. f5 a5 18. a4 d4 19. e4 Rab8 20. Raf1 Qa7 21.
Kh1 Qe7 22. Bc1 Qd7 23. Bd2 Bc7 24. Rg1 Rf7 25. g4 h6 26. Qe1 Ra8 27. h4 Kf8
28. g5 hxg5 29. hxg5 Ke7 30. Rh3 Kd6 31. Qg3 Bd8 32. Rh8 Ra7 33. Qh4 Kc7 34.
Rg2 Kb6 35. Qh7 Qd6 36. Qg8 Rad7 37. g6 Rfe7 38. Be1 c4 39. Qxc4 Qa3 40. Rg1
Kb7 41. Bd2 Bb6 42. b4 Qxa4 43. bxa5 Qxc4 44. dxc4 Bc5 45. Rb1+ Ka7 46. Rbb8
d3 47. Ra8+ Kb7 48. a6+ Kc7 49. Ba5+ Kd6 50. cxd3 Ra7 51. Rhd8+ Red7 52.
Rxa7 Bxa7 53. Bb4+ Kc7 54. Rxd7+ Kxd7 55. Bf8 Ke8 56. Bxg7 Ke7 57. Kg2 Bd4
58. Kf3 Bc5 59. Kg4 Be3 60. Kh5 Bd4 61. Kh6 Be3+ 62. Kh7 c5 63. a7 Kd7 64.
a8=Q Kd6 65. Bf8+ Kd7 66. Qb7+ Ke8 67. Qe7# {Black checkmated} 1-0

[Event "ICC tourney 2569 (40 10)"]
[Site "Internet Chess Club"]
[Date "2021.05.16"]
[Round "3"]
[White "SLADE, THEODORE LUKE:MrNormalName"]
[Black "GAW, CHLOE:HarleyQueen8"]
[Result "1/2-1/2"]
[ICCResult "Game drawn by repetition"]
[WhiteElo "2170"]
[BlackElo "1928"]
[Opening "QGA: 3.e4"]
[ECO "D20"]
[NIC "QG.04"]
[Time "15:31:01"]
[TimeControl "2400+10"]

1. d4 d5 2. c4 dxc4 3. e4 e5 4. Nf3 exd4 5. Bxc4 Nc6 6. O-O Be6 7. Bb5 Bc5
8. b4 Bb6 9. a4 a6 10. Bxc6+ bxc6 11. Bb2 Nf6 12. Nxd4 Bxd4 13. Bxd4 O-O 14.
Nc3 a5 15. bxa5 Rxa5 16. Qd2 Ra8 17. Rfd1 Bb3 18. Rdb1 Bc4 19. Rb4 Be6 20.
Qg5 h6 21. Qh4 Ng4 22. Qxd8 Rfxd8 23. a5 Ra6 24. f3 Nf6 25. Bxf6 gxf6 26.
Ne2 Rda8 27. Rba4 c5 28. R4a3 Rb8 29. Nf4 Kg7 30. Nh5+ Kg6 31. g4 Rb2 32.
Rd3 Rb5 33. Rd8 Kg5 34. Rg8+ Kh4 35. Nf4 Rbxa5 36. Ng2+ Kh3 37. Nf4+ Kh4 38.
Ng2+ Kh3 39. Re1 Ra2 40. Nf4+ Kh4 41. Ng2+ Kh3 42. Nf4+ Kh4 43. Ng2+ Kh3 44.
Nf4+ Kh4 45. Ng2+ {Game drawn by repetition} 1/2-1/2

[Event "ICC tourney 2569 (40 10)"]
[Site "Internet Chess Club"]
[Date "2021.05.16"]
[Round "3"]
[White "Vittal, Sanjana:MCTS13"]
[Black "HU, ALEXANDER C:ahu1015"]
[Result "1-0"]
[ICCResult "Black resigns"]
[WhiteElo "2190"]
[BlackElo "2023"]
[Opening "Sicilian: closed, 2...Nc6"]
[ECO "B23"]
[NIC "SI.44"]
[Time "15:31:01"]
[TimeControl "2400+10"]

1. e4 c5 2. Nc3 Nc6 3. Bb5 Nd4 4. Nf3 g6 5. Bc4 Bg7 6. O-O e6 7. Nxd4 cxd4
8. Ne2 Ne7 9. c3 dxc3 10. bxc3 O-O 11. d4 d5 12. exd5 exd5 13. Bd3 Bf5 14.
Ba3 Bxd3 15. Qxd3 Re8 16. Nf4 Qc7 17. Qf3 Bh6 18. Bc1 Bxf4 19. Bxf4 Qc6 20.
Be5 Nf5 21. g4 Ng7 22. Rfe1 Re6 23. g5 Nh5 24. Qh3 Rae8 25. Re3 Qc8 26. Qg2
Qc6 27. Rae1 h6 28. Qg4 Kh7 29. Rh3 f6 30. Rxh5 gxh5 31. Qf5+ Kg8 32. Qg6+
Kf8 33. gxf6 Rxf6 34. Bd6+ Rxd6 35. Rxe8+ Qxe8 36. Qxd6+ Kg7 37. Qxd5 b6 38.
Qe5+ Kf8 39. Qxe8+ Kxe8 40. f4 Ke7 41. Kf2 Ke6 42. Ke3 Kf5 43. d5 h4 44. h3
a6 45. Kf3 b5 46. a3 a5 47. Ke3 h5 48. Kf3 Kf6 49. Ke4 a4 50. f5 Ke7 51. Ke5
b4 52. cxb4 {Black resigns} 1-0

[Event "ICC tourney 2569 (40 10)"]
[Site "Internet Chess Club"]
[Date "2021.05.16"]
[Round "3"]
[White "HU, MERRIC:edmehu"]
[Black "PARK, EVAN:espark"]
[Result "1/2-1/2"]
[ICCResult "Game drawn by mutual agreement"]
[WhiteElo "2169"]
[BlackElo "2322"]
[Opening "Caro-Kann: advance variation"]
[ECO "B12"]
[NIC "CK.04"]
[Time "15:30:59"]
[TimeControl "2400+10"]

1. e4 c6 2. d4 d5 3. e5 Bf5 4. Nf3 e6 5. Be2 Bb4+ 6. c3 Ba5 7. Nbd2 Nd7 8.
O-O h6 9. Ne1 Ne7 10. f4 Bb6 11. b4 a5 12. Nb3 axb4 13. cxb4 O-O 14. a4 f6
15. a5 Ba7 16. Nf3 fxe5 17. fxe5 g5 18. Kh1 Ng6 19. Bd3 g4 20. Ng1 Bxd3 21.
Rxf8+ Qxf8 22. Qxd3 Kg7 23. Bd2 Qf5 24. Qxf5 exf5 25. Rf1 Ne7 26. Ne2 Nf8
27. Nf4 Kf7 28. Nd3 Ne6 29. Ndc5 Bxc5 30. Nxc5 Nxc5 31. bxc5 h5 32. h3 Ke6
33. hxg4 hxg4 34. Kh2 Rh8+ 35. Kg3 Nc8 36. a6 bxa6 37. Ra1 Ne7 38. Rxa6 Rb8
39. Bg5 Rb4 40. Bxe7 Kxe7 41. Rxc6 Rxd4 42. Rd6 Re4 43. c6 Rxe5 44. c7 Re3+
45. Kf4 Rc3 46. Rxd5 Rxc7 47. Rxf5 Rc2 48. g3 Rc4+ 49. Kg5 Ke6 50. Rf4 Rxf4
51. Kxf4 Kf6 52. Kxg4 Kg6 53. Kf4 Kf6 54. g4 Kg6
{Game drawn by mutual agreement}
1/2-1/2

[Event "ICC tourney 2569 (40 10)"]
[Site "Internet Chess Club"]
[Date "2021.05.16"]
[Round "3"]
[White "JIMENEZ GARCIA, EMMANUEL:emmanueljimenez"]
[Black "VAKHIDOV, JAKHONGIR:TjkTiger"]
[Result "0-1"]
[ICCResult "White resigns"]
[WhiteElo "2447"]
[BlackElo "2602"]
[Opening "Sicilian: Grand Prix attack"]
[ECO "B23"]
[NIC "SI.44"]
[Time "15:30:59"]
[TimeControl "2400+10"]

1. Nc3 c5 2. e4 Nc6 3. f4 g6 4. Nf3 Bg7 5. Bb5 Nd4 6. O-O a6 7. Be2 d6 8. d3
Nf6 9. h3 O-O 10. Be3 Nh5 11. Kh2 f5 12. Nd2 Nxe2 13. Qxe2 e5 14. Nd5 Be6
15. g3 Bxd5 16. exd5 exf4 17. Bxf4 Re8 18. Qf3 Nxf4 19. gxf4 Bxb2 20. Rae1
Bc3 21. Qg2 Rxe1 22. Rxe1 Qh4 23. Rf1 b5 24. Nb1 Bg7 25. Qe2 Bh6 26. Qe6+
Kh8 27. Qe3 Qf6 28. Nd2 Qf7 29. c4 Re8 30. Qf3 Qe7 31. Kg2 Qe2+ 32. Rf2 Qe1
33. Qg3 Re2 34. Nb3 Kg7 {White resigns} 0-1

[Event "ICC tourney 2569 (40 10)"]
[Site "Internet Chess Club"]
[Date "2021.05.16"]
[Round "3"]
[White "LESCHINSKY, GARY:GLeschinsky"]
[Black "CHENG, CLAIRE:Clairehouses"]
[Result "1/2-1/2"]
[ICCResult "Game drawn by mutual agreement"]
[WhiteElo "2097"]
[BlackElo "1777"]
[Opening "QGD: exchange, positional line"]
[ECO "D35"]
[NIC "QO.16"]
[Time "15:31:02"]
[TimeControl "2400+10"]

1. d4 Nf6 2. c4 e6 3. Nc3 d5 4. cxd5 exd5 5. Bg5 Be7 6. e3 O-O 7. Bd3 c6 8.
Qc2 h6 9. Bh4 Nbd7 10. Nge2 Re8 11. f3 c5 12. O-O b6 13. Bf2 Bb7 14. Rfd1
Rc8 15. Rac1 Bd6 16. Bf5 Qc7 17. h3 Qb8 18. Qb1 Rcd8 19. Nb5 Bh2+ 20. Kh1 a6
21. g3 axb5 22. Kxh2 Qc7 23. Kg2 Nf8 24. a3 c4 25. g4 Qe7 26. h4 Ne6 27. Re1
Bc8 28. Bc2 Qd7 29. Bg3 Nc7 30. Nf4 Ne6 31. Bf5 Qe7 32. Bxe6 Bxe6 33. g5 Nd7
34. gxh6 gxh6 35. Kf2 Kh8 36. Qc2 Rg8 37. Rh1 Nf6 38. h5 Rg7 39. Bh4 Rdg8
40. Qc3 Qd8 41. e4 dxe4 42. d5 Nxd5 43. Qxg7+ Kxg7 44. Nxe6+ fxe6 45. Bxd8
e3+ 46. Ke2 Rxd8 47. Rhg1+ Kf6 48. Rg6+ Kf5 49. Rxh6 Rg8 50. Rg6 Nf4+ 51.
Kxe3 Nxg6 52. hxg6 Rxg6 53. Rh1 e5 54. Rh5+ Rg5 55. Rh2 Rg6 56. Rh5+ Rg5
{Game drawn by mutual agreement}
1/2-1/2

[Event "ICC tourney 2569 (40 10)"]
[Site "Internet Chess Club"]
[Date "2021.05.16"]
[Round "3"]
[White "HERNANDEZ ALVAREZ, TANIA REGLA:reynaajedrez"]
[Black "LIANG, ETHAN Y:ELCCEthan488"]
[Result "1-0"]
[ICCResult "Black checkmated"]
[WhiteElo "2200"]
[BlackElo "1779"]
[Opening "Réti opening"]
[ECO "A05"]
[NIC "QP.11"]
[Time "15:31:00"]
[TimeControl "2400+10"]

1. Nf3 Nf6 2. b3 d5 3. e3 Bf5 4. Bb2 e6 5. h3 Bd6 6. c4 c6 7. Be2 h6 8. d3
Nbd7 9. Nbd2 a5 10. a3 Qe7 11. O-O O-O 12. Re1 Nc5 13. Nf1 Rfb8 14. Qc2 b5
15. Nd4 Rc8 16. Nxf5 exf5 17. b4 Ncd7 18. c5 Bc7 19. f4 Nf8 20. Bf3 Ne6 21.
Ng3 g6 22. e4 Bxf4 23. Nxf5 Qd8 24. Nd6 Bxd6 25. cxd6 axb4 26. axb4 Nd7 27.
Rxa8 Rxa8 28. Qxc6 Ra2 29. exd5 Nef8 30. Qc3 f6 31. Kh1 Ne5 32. Qc7 Qd7 33.
Bxe5 fxe5 34. Rxe5 Ra7 35. Qb6 Rb7 36. Qc6 Qg7 37. d4 Rd7 38. Bg4 Qf6 39.
Qc1 Rxd6 40. Qxh6 Qf7 41. Qg5 Nh7 42. Qe3 Nf8 43. Be6 Nxe6 44. dxe6 Qe7 45.
d5 Kg7 46. Qg5 Qxg5 47. Rxg5 Kf6 48. h4 Rd8 49. Kg1 Rh8 50. g3 Ra8 51. Kf2
Ra4 52. Rg4 Kf5 53. Rf4+ Ke5 54. e7 g5 55. e8=Q+ Kxd5 56. Qxb5+ Kd6 57. Rf6+
Ke7 58. Qe5+ Kd7 59. Qe6+ Kd8 60. Rf8+ Kc7 61. Rf7+ Kd8 62. Qd7#
{Black checkmated}
1-0

[Event "ICC tourney 2569 (40 10)"]
[Site "Internet Chess Club"]
[Date "2021.05.16"]
[Round "3"]
[White "YANG, KAIQI:YKQ"]
[Black "DURAN VEGA, SERGIO:SD19"]
[Result "0-1"]
[ICCResult "White resigns"]
[WhiteElo "2531"]
[BlackElo "2464"]
[Opening "Ruy Lopez: Morphy defense"]
[ECO "C77"]
[NIC "RL.12"]
[Time "15:30:59"]
[TimeControl "2400+10"]

1. e4 e5 2. Nf3 Nc6 3. Bb5 a6 4. Ba4 Nf6 5. d4 exd4 6. O-O Be7 7. Re1 O-O 8.
e5 Ne8 9. c3 d6 10. Bxc6 bxc6 11. Nxd4 Bd7 12. Qf3 d5 13. Nd2 g6 14. b4 a5
15. N2b3 axb4 16. Bh6 Ng7 17. cxb4 Bxb4 18. Rec1 Qh4 19. Nxc6 Ba3 20. Bxg7
Kxg7 21. Rc2 Qe4 22. Qf6+ Kg8 23. Rc3 Bxc6 24. Rxc6 Bb2 25. Nc5 Qxe5 26.
Qxe5 Bxe5 27. Rd1 Rxa2 28. Nd7 Re8 29. g3 Re7 30. Rxd5 Bd6 31. Nf6+ Kg7 32.
Ng4 Ree2 33. Rd3 h5 34. Ne3 Rxf2 35. Nf1 Rg2+ 36. Kh1 Rge2 37. Rc1 h4 38.
gxh4 Bxh2 39. Rh3 Bf4 40. Rf3 Bxc1 {White resigns} 0-1

[Event "ICC tourney 2569 (40 10)"]
[Site "Internet Chess Club"]
[Date "2021.05.16"]
[Round "3"]
[White "Jin, Xiaodong:SuperWJ"]
[Black "YE, LUKE SICONG:lukeye"]
[Result "0-1"]
[ICCResult "White forfeits on time"]
[WhiteElo "1864"]
[BlackElo "2075"]
[Opening "Queen's Indian: old main line, 9.Qxc3"]
[ECO "E19"]
[NIC "QI.12"]
[Time "15:31:03"]
[TimeControl "2400+10"]

1. d4 Nf6 2. c4 e6 3. Nf3 b6 4. g3 Bb7 5. Bg2 Be7 6. O-O O-O 7. Nc3 Ne4 8.
Qc2 Nxc3 9. Qxc3 f5 10. b4 c5 11. bxc5 bxc5 12. Qb3 Be4 13. Ba3 Qa5 14. Bxc5
Bxc5 15. dxc5 Qxc5 16. Rad1 Rc8 17. Nd2 Bxg2 18. Kxg2 Nc6 19. Nf3 Rab8 20.
Qd3 Rb7 21. Rb1 Rbc7 22. Rb5 Qe7 23. Rd1 a6 24. Rb2 Qc5 25. e4 Ne5 26. Nxe5
Qxe5 27. Re2 f4 28. Qd6 Qh5 29. f3 fxg3 30. hxg3 a5 31. Red2 Rb7 32. Qa6
Rcb8 33. Qd6 Rf8 34. Qd3 Qc5 35. Qd4 Qa3 36. Qd3 Qb4 37. Qe2 Qe7 38. Rd6 Qf7
39. R1d2 Rfb8 40. Qd3 Qh5 41. Rxd7 Rb1 42. Rd8+ Kf7 43. Qd7+ Kf6 44. Qd4+
Kg6 45. Rxb8 Qh1+ 46. Kf2 Rf1+ {White forfeits on time} 0-1

[Event "ICC tourney 2569 (40 10)"]
[Site "Internet Chess Club"]
[Date "2021.05.16"]
[Round "3"]
[White "BERKLEY, DARRIN K:drberkley"]
[Black "BAGCHI, SOUNAK:Chesssaga"]
[Result "0-1"]
[ICCResult "White resigns"]
[WhiteElo "1846"]
[BlackElo "1999"]
[Opening "Sicilian: Grand Prix attack"]
[ECO "B23"]
[NIC "SI.44"]
[Time "15:30:53"]
[TimeControl "2400+10"]

1. e4 c5 2. Nc3 Nc6 3. f4 g6 4. Nf3 Bg7 5. Bc4 e6 6. O-O Nge7 7. Qe1 O-O 8.
d3 Nd4 9. Nxd4 Bxd4+ 10. Kh1 d5 11. Bb3 Bg7 12. Qh4 b6 13. f5 gxf5 14. Bh6
d4 15. Ne2 Ng6 16. Qxd8 Rxd8 17. Bxg7 Kxg7 18. exf5 exf5 19. Ng3 Rf8 20.
Nxf5+ Bxf5 21. Rxf5 f6 22. Ba4 Ne5 23. g4 h6 24. h4 Nxg4 25. Rg1 Kg6 26. Rf4
f5 27. Bd7 h5 28. Rgf1 Ne3 29. Rg1+ Kf6 30. Rg5 Ke5 31. Rf2 Rad8 32. Bc6 Rg8
33. Rxg8 Rxg8 34. Bf3 f4 35. Rh2 Rg3 36. Bxh5 f3 37. Rf2 Kf4 38. c3 Nd1 39.
Rd2 Rh3+ 40. Kg1 Rxh4 41. Rxd1 Rxh5 42. Re1 Kg3 43. Re7 f2+ 44. Kf1 Rh1+
{White resigns}
0-1

[Event "ICC tourney 2569 (40 10)"]
[Site "Internet Chess Club"]
[Date "2021.05.16"]
[Round "3"]
[White "RAMIREZ GONZALEZ, MARIA JOSE:Merry20"]
[Black "Poliannikov, Danila:dopolian"]
[Result "0-1"]
[ICCResult "White checkmated"]
[WhiteElo "2000"]
[BlackElo "2263"]
[Opening "Richter-Veresov attack"]
[ECO "D01"]
[NIC "QP.07"]
[Time "15:31:00"]
[TimeControl "2400+10"]

1. d4 Nf6 2. Nc3 d5 3. Bg5 c5 4. e3 Nc6 5. Nf3 e6 6. Bb5 a6 7. Bxc6+ bxc6 8.
O-O Be7 9. Re1 O-O 10. Qe2 a5 11. a4 Ba6 12. Qd1 Rb8 13. Rb1 h6 14. Bh4 Rb6
15. Ne5 cxd4 16. exd4 Qc7 17. Bg3 Bd6 18. Nd3 Nd7 19. Bxd6 Qxd6 20. Qd2 c5
21. dxc5 Nxc5 22. Nxc5 Qxc5 23. Ne2 Rfb8 24. c3 Qc4 25. Qc2 Qd3 26. Qc1 Qg6
27. Nf4 Qf5 28. Qd2 g5 29. Ne2 Bd3 30. Nd4 Qg6 31. Rbd1 Bc4 32. b4 Re8 33.
b5 e5 34. Nc6 Rxc6 35. bxc6 Qxc6 36. h4 f6 37. hxg5 hxg5 38. Qb2 Kf7 39. Rb1
Kg6 40. Qb7 Qxa4 41. Ra1 Qc2 42. Rxa5 Qxc3 43. Rea1 Qb3 44. Qd7 Rh8 45. Ra7
Rh4 46. Qe8+ Kf5 47. R7a3 Qb5 48. Rf3+ Rf4 49. g4+ Kxg4 50. Rg3+ Kf5 51.
Qc8+ Kg6 52. Qg8+ Kf5 53. Qc8+ Kg6 54. Qg8+ Kf5 55. Qh7+ Ke6 56. Qg8+ Kd6
57. Qf8+ Ke6 58. Qc8+ Qd7 59. Qg8+ Qf7 60. Qc8+ Qd7 61. Qg8+ Kf5 62. Rga3
Rg4+ 63. Rg3 Rf4 64. Qh8 Be2 65. Ra6 Bxa6 66. Qh3+ g4 67. Qh5+ Ke6 68. Rb3
Qc6 69. Rb8 Qc1+ 70. Kg2 Qf1+ 71. Kg3 Qxf2# {White checkmated} 0-1